 Dungeon Crawl Stone Soup version 0.29.1 (webtiles) character file.

Game seed: 256861967940658105

67 Icepheonix32 the Trooper (level 4, 0/41 HPs)
             Began as a Minotaur Fighter on Sept 13, 2022.
             Slain by a hobgoblin (3 damage)
             ... led by Robin
             ... on level 2 of the Dungeon.
             The game lasted 00:01:36 (1339 turns).

Icepheonix32 the Trooper (Minotaur Fighter)         Turns: 1339, Time: 00:01:38

Health: 0/41       AC:  7    Str: 23    XL:     4   Next: 0%
Magic:  3/3        EV:  9    Int:  5    God:
Gold:   132        SH:  4    Dex:  9    Spells: 3/3 levels left

rFire   . . .      SeeInvis .   a - +0 war axe
rCold   . . .      Faith    .   c - +0 buckler
rNeg    . . .      Spirit   .   b - +0 scale mail
rPois   .          Reflect  .   (helmet restricted)
rElec   .          Harm     .   o - scarf {shadows}
rCorr   .          Rampage  .   (no gloves)
Will    .....                   (no boots)
Stlth   ..........              (no amulet)
HPRegen 0.13/turn               (no ring)
MPRegen 0.08/turn               (no ring)

@: no status effects
A: horns 2, retaliatory headbutt
a: no special abilities


You were on level 2 of the Dungeon.
You visited 1 branch of the dungeon, and saw 2 of its levels.

You collected 132 gold pieces.

Inventory:

Hand Weapons
 a - a +0 war axe (weapon)
 q - a +1 dagger of holy wrath
Missiles
 g - 2 boomerangs (quivered)
Armour
 b - a +0 scale mail (worn)
 c - a +0 buckler (worn)
 o - a scarf of shadows (worn)
Magical Staves
 i - a staff of poison
Scrolls
 e - a scroll of fear {unknown}
 f - 2 scrolls of identify {unknown}
 h - a scroll of butterflies {unknown}
 j - a scroll of teleportation {unknown}
 l - a scroll of immolation
 m - a scroll of amnesia {unknown}
 p - a scroll of enchant armour {unknown}
Potions
 d - a potion of might
 k - 2 potions of curing {unknown}
 n - a potion of degeneration {unknown}


   Skills:
 * Level 4.5 Fighting
 + Level 3.5 Axes
 + Level 4.1 Armour
 + Level 0.1 Stealth
 + Level 4.0 Shields


You had 3 spell levels left.
You didn't know any spells.
Your spell library contained the following spells:

 Spells                   Type           Power      Damage    Failure   Level
 Foxfire                  Conj/Fire      0%         2x1d4     86%         1
 Ensorcelled Hibernation  Hex/Ice        0%         N/A       95%         2
 Passwall                 Tmut/Erth      0%         N/A       95%         2
 Conjure Flame            Conj/Fire      0%         6-21      99%         3
 Inner Flame              Hex/Fire       0%         N/A       99%         3
 Swiftness                Air            0%         N/A       99%         3
 Flame Wave               Conj/Fire      0%         2d4       100%        4


Dungeon Overview and Level Annotations

Branches:
Dungeon (2/15)

Altars:
Sif Muna


Innate Abilities, Weirdness & Mutations

You have a pair of horns on your head.
You reflexively headbutt those who attack you in melee.


Message History

The goblin no longer looks unusually strong.
Robin throws the goblin at you! The goblin hits you but does no damage.
Robin roars a battlecry!
The goblins go into a battle-frenzy!
The goblin closely misses you.
You slash Robin!
You kill Robin!
You closely miss the goblin.
The hobgoblin no longer looks unusually strong.
You block the goblin's attack.
You closely miss the goblin. You headbutt the goblin.
You kill the goblin!
You barely miss the goblin. The goblin closely misses you.
You have reached level 4!
You feel stronger.
You completely miss the goblin.
You headbutt the goblin, but do no damage.
You hit the goblin but do no damage.
The hobgoblin no longer looks unusually strong.
The goblin hits you but does no damage. The goblin hits you with a +0 club.
The goblin hits you with a +0 dagger.
You barely miss the goblin.
You headbutt the goblin, but do no damage.
You closely miss the hobgoblin. You barely miss the goblin.
The goblin hits you but does no damage. x2; The hobgoblin hits you.
* * * LOW HITPOINT WARNING * * *
You miss the goblin. You hit the hobgoblin but do no damage.
You closely miss the goblin. The goblin hits you with a +0 club.
* * * LOW HITPOINT WARNING * * *
The goblin hits you with a +0 dagger.
* * * LOW HITPOINT WARNING * * *
The hobgoblin hits you but does no damage.
Unknown command.
You hit the goblin.
You kill the goblin!
You closely miss the hobgoblin. You barely miss the goblin.
The goblin hits you but does no damage.
The hobgoblin hits you but does no damage.
The goblin hits you but does no damage. The hobgoblin hits you.
You die...

... ..# #.# #.... ###
####+#########.# #....
#...........(..###....
#.......##...##.......
gg#..)....##...##.......
#gg.......##..†##.......
##.g##g#.......##.......
## #g####....##.......
.....
#g@)......##....#..
.....
#######...##.#.##..
..... #...##...##.#
..... ...#####.....
..... ...# #..... .....
.. ..# ###.##.. .....
... ..# #...#... #####
.... #....#.. #### #..#
#...##.#


You could see 2 hobgoblins and a goblin.

Vanquished Creatures
  Robin (D:2)
  An adder (D:2)
  2 dart slugs (D:1)
  6 ball pythons
  4 bats
  3 endoplasms
  9 goblins (D:2)
  4 hobgoblins
  3 kobolds (D:1)
  A quokka (D:2)
  2 frilled lizards
  6 rats
42 creatures vanquished.

Notes
Turn   | Place    | Note
-------+----------+-------------------------------------------
     0 | D:1      | Icepheonix32 the Minotaur Fighter began the quest for the
                  | Orb.
     0 | D:1      | Reached XP level 1. HP: 19/19 MP: 0/0
   218 | D:1      | Reached XP level 2. HP: 20/27 MP: 1/1
   699 | D:2      | Reached XP level 3. HP: 31/34 MP: 2/2
   759 | D:2      | Found a faded altar of an unknown god.
   971 | D:2      | Found a shimmering blue altar of Sif Muna.
  1321 | D:2      | Noticed Robin
  1334 | D:2      | Killed Robin
  1336 | D:2      | Reached XP level 4. HP: 17/41 MP: 3/3
  1339 | D:2      | Slain by a hobgoblin

Illustrated notes

Levels and vault maps discovered:
D:1:      ncdulo_watergridlock, layout_basic
D:2:      layout_basic, hellmonk_ecumenical_altar_blasted, basic_altar,
          uniq_robin

Skill      XL: |  1  2  3 |
---------------+----------+-----
Fighting       | 4 |  4.5
Armour         | 4 |  4.1
Shields        | 4 |  4.0
Axes           | 3 |  3.5
Stealth        | |  0.1

Action                   |  1- 3 |  4- 6 || total
-------------------------+-------+-------++-------
Melee: War axe           |    69 |     4 ||    73
       Headbutt          |     6 |     2 ||     8
Throw: Boomerang         |     2 |       ||     2
Armor: Scale mail        |    30 |     7 ||    37
Dodge: Dodged            |    38 |       ||    38
Block: Buckler           |    16 |       ||    16
